[Event "Titled Tuesday Blitz June 6 Early 2023"]
[White "Goryachkina, Aleksandra"]
[Black "Matveeva, Olga"]
[WhiteFideId "4147103"]
[BlackFideId "24107018"]
[WhiteElo "2471"]
[BlackElo "2009"]
[Result "0-1"]
[Round "4"]
[TimeControl "180+2"]
[Date "2023.06.06"]
[WhiteClock "0:00:02"]
[BlackClock "0:00:52"]
[Board "121"]

1. e4 e6 2. d4 d5 3. Nc3 Nf6 4. Bg5 Bb4 5. e5 h6 6. Bd2 Bxc3 7. bxc3 Ne4 8. Bd3 Nxd2 9. Qxd2 c5 10. f4 c4 11. Be2 Nc6 12. Nf3 Bd7 13. O-O Ne7 14. a4 Qa5 15. Rfb1 Rb8 16. Rb4 O-O 17. g4 b5 18. Rab1 a6 19. axb5 axb5 20. Kh1 Nc6 21. R4b2 f6 22. Rg1 fxe5 23. fxe5 Qa3 24. Rbb1 b4 25. g5 h5 26. g6 Qxc3 27. Qg5 Rxf3 28. Qxh5 Rh3 29. Qg5 Nxd4 30. Bg4 Nf3 0-1


[Site "https://www.chess.com"]

[Event "Titled Tuesday Blitz June 6 Early 2023"]
[White "Vivas Zamora, Fabian Ernesto"]
[Black "Domingo Nunez, Ruben"]
[WhiteFideId "3902480"]
[BlackFideId "22245570"]
[WhiteElo "2244"]
[BlackElo "2404"]
[Result "0-1"]
[Round "4"]
[TimeControl "180+2"]
[Date "2023.06.06"]
[WhiteClock "0:00:03"]
[BlackClock "0:01:01"]
[Board "122"]

1. e4 g6 2. d4 Bg7 3. Nc3 c6 4. Nf3 d5 5. h3 dxe4 6. Nxe4 Nf6 7. Nxf6+ exf6 8. Be3 O-O 9. Be2 a5 10. O-O Na6 11. c4 Nc7 12. Qd2 Be6 13. b3 Qd7 14. Rfd1 Rfd8 15. Rac1 Bf8 16. Bh6 Ba3 17. Rc2 Na6 18. Qf4 Bf5 19. Bd3 Bxd3 20. Qxf6 Bf8 21. Bxf8 Rxf8 22. Rxd3 Nb4 23. Rcd2 Nxd3 24. Rxd3 Rae8 25. d5 Re2 26. Ne5 Qe8 27. Ng4 h5 28. Nh6+ Kh7 29. d6 Kxh6 30. d7 Qd8 31. Kf1 Qxf6 0-1


[Site "https://www.chess.com"]

[Event "Titled Tuesday Blitz June 6 Early 2023"]
[White "Belov, Alexei"]
[Black "FunnyDuck66"]
[WhiteFideId "4128206"]
[WhiteElo "2638"]
[BlackElo "2408"]
[Result "0-1"]
[Round "4"]
[TimeControl "180+2"]
[Date "2023.06.06"]
[WhiteClock "0:00:36"]
[BlackClock "0:02:13"]
[Board "123"]

1. e4 c6 2. d4 d5 3. Nd2 dxe4 4. Nxe4 Nf6 5. Nxf6+ exf6 6. c3 Bd6 7. Bd3 Na6 8. Ne2 Nc7 9. Qc2 h5 10. O-O Kf8 11. Bf4 Nd5 12. Bxd6+ Qxd6 13. Qd2 Be6 14. c4 Ne7 15. Rad1 g6 16. Rfe1 Kg7 17. Nf4 Bf5 18. d5 cxd5 19. Bxf5 Nxf5 20. Qxd5 Qxf4 21. g3 Qc7 22. h4 Rad8 23. Qf3 Rxd1 24. Rxd1 Qxc4 25. Qxb7 Qxa2 26. Kh2 Re8 27. Rd7 Nh6 28. Rd2 Ng4+ 29. Kg2 Qb1 30. Qxa7 Qe4+ 31. f3 Qe1 32. Qd4 Ne3+ 0-1


[Site "https://www.chess.com"]

[Event "Titled Tuesday Blitz June 6 Early 2023"]
[White "Chernobay, Artem"]
[Black "Begunov, Konstantin"]
[WhiteFideId "4167406"]
[BlackFideId "4118510"]
[WhiteElo "2474"]
[BlackElo "1993"]
[Result "1-0"]
[Round "4"]
[TimeControl "180+2"]
[Date "2023.06.06"]
[WhiteClock "0:00:59"]
[BlackClock "0:00:12"]
[Board "124"]

1. d4 d5 2. c4 c6 3. Nf3 Nf6 4. Nc3 dxc4 5. a4 Bg4 6. e3 e5 7. dxe5 Qxd1+ 8. Nxd1 Nfd7 9. Bxc4 Bxf3 10. gxf3 Nxe5 11. Be2 Bb4+ 12. Kf1 a5 13. b3 O-O 14. Bb2 Re8 15. Nc3 Na6 16. Ne4 Nc5 17. Nxc5 Bxc5 18. Rg1 g6 19. f4 Nd7 20. h4 Rad8 21. h5 Nb6 22. hxg6 fxg6 23. f5 Rd2 24. Bc3 Rc2 25. Bxa5 Kf7 26. fxg6+ hxg6 27. Bd3 Rxf2+ 28. Kxf2 Bxe3+ 29. Kf3 Bxg1 30. Rxg1 Rd8 31. Bxg6+ 1-0


[Site "https://www.chess.com"]

[Event "Titled Tuesday Blitz June 6 Early 2023"]
[White "Tarasova, Viktoriya"]
[Black "Goroshkov, Maksym"]
[WhiteFideId "4175840"]
[BlackFideId "14142716"]
[WhiteElo "2182"]
[BlackElo "2322"]
[Result "0-1"]
[Round "4"]
[TimeControl "180+2"]
[Date "2023.06.06"]
[WhiteClock "0:00:07"]
[BlackClock "0:01:03"]
[Board "125"]

1. d4 Nf6 2. c4 e5 3. dxe5 Ng4 4. e3 Nxe5 5. f4 Ng6 6. Bd3 Bc5 7. Qh5 d6 8. Nc3 O-O 9. Nge2 Qh4+ 10. Qxh4 Nxh4 11. O-O Bf5 12. Rd1 Bxd3 13. Rxd3 h5 14. Nd5 Na6 15. Bd2 Nf5 16. b4 Bb6 17. Nxb6 axb6 18. e4 Ne7 19. Rb1 Nb8 20. a3 Nd7 21. Kf2 Nf6 22. Kf3 Ng6 23. Nd4 Rfe8 24. Re1 Nh4+ 25. Kg3 Ng6 26. Kf3 c6 27. g3 d5 28. cxd5 cxd5 29. e5 Ne4 30. Bc1 Rac8 31. Nb5 Red8 32. Red1 f5 33. Be3 Ne7 34. Bxb6 Rd7 35. Be3 Rc2 36. Nd4 Rxh2 37. e6 Rc7 38. Nb5 Rcc2 39. Rxd5 Nxd5 40. Rxd5 Rhg2 41. Rxf5 Nxg3 42. e7 Nxf5 43. e8=Q+ Kh7 44. Qxh5+ Nh6 45. f5 Rh2 46. Qg6+ Kh8 47. Qe8+ Ng8 48. Qg6 Nf6 49. Qf7 Rh3+ 50. Kf4 Rh4+ 51. Kf3 Rh3+ 52. Kf4 Rc4+ 53. Ke5 Rxe3+ 54. Kd6 Rc6# 0-1


[Site "https://www.chess.com"]

[Event "Titled Tuesday Blitz June 6 Early 2023"]
[White "Perez, Maximiliano"]
[Black "Lopez Del Alamo, Antonio"]
[WhiteFideId "117234"]
[BlackFideId "2227339"]
[WhiteElo "2334"]
[BlackElo "2175"]
[Result "1-0"]
[Round "4"]
[TimeControl "180+2"]
[Date "2023.06.06"]
[WhiteClock "0:02:04"]
[BlackClock "0:01:16"]
[Board "126"]

1. e4 c5 2. Nf3 e6 3. d3 Nc6 4. g3 g6 5. Bg2 Bg7 6. O-O Nge7 7. c3 e5 8. Re1 O-O 9. a3 d6 10. b4 b6 11. b5 Na5 12. c4 f5 13. exf5 Bxf5 14. Ra2 Qd7 15. Nc3 Bg4 16. Ne4 h6 17. Bd2 Rf7 18. Bxa5 bxa5 19. h3 Bxh3 20. Bxh3 Qxh3 21. Nxd6 Rff8 22. Nxe5 Rad8 23. Nb7 Nf5 24. Nxd8 Nxg3 25. fxg3 Qxg3+ 26. Rg2 1-0


[Site "https://www.chess.com"]

[Event "Titled Tuesday Blitz June 6 Early 2023"]
[White "Shapiro, Daniel"]
[Black "Manukyan, Sargis A."]
[WhiteFideId "2001780"]
[BlackFideId "13303970"]
[WhiteElo "2387"]
[BlackElo "2187"]
[Result "0-1"]
[Round "4"]
[TimeControl "180+2"]
[Date "2023.06.06"]
[WhiteClock "0:00:02"]
[BlackClock "0:01:46"]
[Board "127"]

1. d4 Nf6 2. c4 e6 3. g3 c5 4. d5 exd5 5. cxd5 d6 6. Nc3 Nbd7 7. Nf3 a6 8. a4 g6 9. Bg2 Bg7 10. Bf4 Qc7 11. Rc1 O-O 12. h3 b6 13. g4 Re8 14. O-O Ne4 15. Qc2 Nxc3 16. bxc3 b5 17. Rfe1 Bb7 18. e4 Ne5 19. Nxe5 dxe5 20. Be3 Bc8 21. Qd2 Bd7 22. f4 Qd6 23. Rf1 exf4 24. Bxf4 Be5 25. a5 b4 26. cxb4 cxb4 27. Rf3 Bb5 28. Bf1 Bxf4 29. Qxf4 Qxf4 30. Rxf4 Bxf1 31. Rcxf1 Ra7 32. Rb1 Rb7 33. d6 Re6 34. e5 Rxe5 35. Rfxb4 Rd7 36. Rb6 Rxa5 37. Rd1 Ra3 38. Rc6 Rg3+ 39. Kh2 Rb3 40. Rc7 Rb2+ 41. Kg3 Rd8 42. d7 Rb3+ 43. Kf2 Rbb8 44. Ke3 a5 45. Ke4 a4 46. Ke5 a3 47. Kd6 a2 48. Ra1 Kf8 49. Rxa2 Rb6+ 50. Rc6 Rb7 51. Rc7 Rb6+ 52. Rc6 Rb7 53. Rc7 Rb1 54. Rac2 Rd1+ 55. Kc6 h6 56. Rc3 Rd2 57. Kb7 R2xd7 58. Rxd7 Rxd7+ 59. Kc6 Rd1 60. Re3 Kg7 61. Rf3 Rd2 62. Kc5 f6 63. Kc4 Kf7 64. Kc3 Rd8 65. Kc4 Ke6 66. Kc3 f5 0-1


[Site "https://www.chess.com"]

[Event "Titled Tuesday Blitz June 6 Early 2023"]
[White "Xie, Bryan"]
[Black "Bayo Milagro, Alvaro"]
[WhiteFideId "30941296"]
[BlackFideId "22275240"]
[WhiteElo "2033"]
[BlackElo "2270"]
[Result "0-1"]
[Round "4"]
[TimeControl "180+2"]
[Date "2023.06.06"]
[WhiteClock "0:01:22"]
[BlackClock "0:02:16"]
[Board "128"]

1. e4 e5 2. Nf3 Nc6 3. Bc4 Nf6 4. d3 Bc5 5. c3 d6 6. O-O a5 7. a4 O-O 8. Bg5 h6 9. Bh4 g5 10. Nxg5 hxg5 11. Bxg5 Kg7 12. Kh1 Rh8 13. f4 Ng4 14. d4 Rxh2+ 15. Kg1 exd4 16. Qxg4 Bxg4 17. Bxd8 Rh8 18. Bxc7 dxc3+ 19. Rf2 Rh1+ 20. Kxh1 Bxf2 0-1


[Site "https://www.chess.com"]

[Event "Titled Tuesday Blitz June 6 Early 2023"]
[White "Kochiev, Ivan"]
[Black "FREDERICKtheMATE"]
[WhiteFideId "2917890"]
[WhiteElo "2287"]
[BlackElo "2378"]
[Result "1-0"]
[Round "4"]
[TimeControl "180+2"]
[Date "2023.06.06"]
[WhiteClock "0:00:28"]
[BlackClock "0:01:10"]
[Board "129"]

1. e4 c6 2. d4 d5 3. Nc3 dxe4 4. Nxe4 Nf6 5. Nxf6+ exf6 6. c3 Bd6 7. Bd3 O-O 8. Ne2 Re8 9. O-O Nd7 10. Ng3 Nf8 11. f4 Qc7 12. f5 c5 13. d5 c4 14. Bc2 b5 15. Nh5 Be5 16. Bd2 Bb7 17. Qg4 g6 18. fxg6 fxg6 19. Nxf6+ Bxf6 20. Rxf6 Bxd5 21. Raf1 Rad8 22. Bh6 Qe5 23. R6f5 Qe6 24. h4 Nd7 25. Qd4 Ne5 26. Rf6 Qg4 27. Qxd5+ 1-0


[Site "https://www.chess.com"]

[Event "Titled Tuesday Blitz June 6 Early 2023"]
[White "brm72"]
[Black "Fajdetic, Hrvoje"]
[BlackFideId "14501945"]
[WhiteElo "2564"]
[BlackElo "2185"]
[Result "1-0"]
[Round "4"]
[TimeControl "180+2"]
[Date "2023.06.06"]
[WhiteClock "0:01:17"]
[BlackClock "0:00:45"]
[Board "130"]

1. e4 e6 2. d4 d5 3. e5 c5 4. c3 Nc6 5. Nf3 Bd7 6. Be2 f6 7. O-O fxe5 8. Nxe5 Nf6 9. Be3 Bd6 10. f4 O-O 11. Nd2 cxd4 12. cxd4 Qb6 13. Ndf3 Bxe5 14. Nxe5 Nxe5 15. fxe5 Ne4 16. Rxf8+ Rxf8 17. Bd3 Qxb2 18. Rb1 Nc3 19. Bxh7+ Kh8 20. Qh5 Ne2+ 21. Kh1 Qxb1+ 22. Bxb1+ Kg8 23. Bh7+ 1-0


[Site "https://www.chess.com"]

[Event "Titled Tuesday Blitz June 6 Early 2023"]
[White "Fernandez Siles, Luis"]
[Black "Taboas Rodriguez, Daniel"]
[WhiteFideId "2209420"]
[BlackFideId "2208466"]
[WhiteElo "2195"]
[BlackElo "2365"]
[Result "0-1"]
[Round "4"]
[TimeControl "180+2"]
[Date "2023.06.06"]
[WhiteClock "0:00:08"]
[BlackClock "0:00:02"]
[Board "131"]

1. d4 Nf6 2. c4 g6 3. Nc3 Bg7 4. e4 d6 5. Nf3 O-O 6. Be2 e5 7. d5 Nbd7 8. h3 Nc5 9. Qc2 a5 10. Be3 Nh5 11. g3 f5 12. exf5 Bxf5 13. Qd2 Ne4 14. Nxe4 Bxe4 15. g4 Nf4 16. Bd1 Nd3+ 17. Kf1 Nb4 18. Bg5 Bf6 19. Bh6 Bg7 20. Bg5 Qd7 21. Qe3 Bxf3 22. Bxf3 Nc2 23. Qd3 Nxa1 24. Be4 Qf7 25. Be3 a4 26. Kg2 Nb3 27. axb3 axb3 28. Qxb3 b6 29. Qd3 Qe7 30. h4 Kf7 31. h5 gxh5 32. Bxh7 Ke8 33. Bg6+ Kd8 34. Rxh5 Kc8 35. Bf5+ Kb7 36. Rh7 Rh8 37. b4 Rxh7 38. Bxh7 Qh4 39. Bf5 Ra1 40. Kf3 Qh3+ 41. Ke4 Qg2+ 42. f3 Re1 43. c5 Bh6 44. c6+ Kb8 0-1


[Site "https://www.chess.com"]

[Event "Titled Tuesday Blitz June 6 Early 2023"]
[White "Pajeken, Jakob Leon"]
[Black "Mejia, Cherry Ann"]
[WhiteFideId "12942839"]
[BlackFideId "5206880"]
[WhiteElo "2424"]
[BlackElo "2007"]
[Result "1-0"]
[Round "4"]
[TimeControl "180+2"]
[Date "2023.06.06"]
[WhiteClock "0:01:50"]
[BlackClock "0:01:06"]
[Board "132"]

1. e4 c5 2. Nf3 Nc6 3. Nc3 e6 4. d4 cxd4 5. Nxd4 Qb6 6. Ndb5 a6 7. Nd6+ Bxd6 8. Qxd6 Qd4 9. Qxd4 Nxd4 10. Bd3 d6 11. Be3 Nc6 12. O-O-O Nf6 13. Be2 b5 14. a3 Ke7 15. g4 Bb7 16. g5 Nd7 17. f4 Rac8 18. Rd2 Nc5 19. Rhd1 Rhd8 20. Rxd6 Rxd6 21. Bxc5 Na5 22. Bxd6+ Ke8 23. Bb4 Nc4 24. b3 Nxa3 25. Kb2 1-0


[Site "https://www.chess.com"]

[Event "Titled Tuesday Blitz June 6 Early 2023"]
[White "Plotnikov, Pavel"]
[Black "Sovetbekova, Nurai"]
[WhiteFideId "4170342"]
[BlackFideId "13801910"]
[WhiteElo "2298"]
[BlackElo "1857"]
[Result "1/2-1/2"]
[Round "4"]
[TimeControl "180+2"]
[Date "2023.06.06"]
[WhiteClock "0:00:08"]
[BlackClock "0:00:03"]
[Board "133"]

1. e4 c5 2. c3 Nf6 3. e5 Nd5 4. d4 cxd4 5. Qxd4 e6 6. Bd3 Nc6 7. Qe4 d6 8. exd6 Bxd6 9. Nf3 b6 10. O-O Bb7 11. Re1 Nf6 12. Qe2 O-O 13. Bg5 Be7 14. Nbd2 Qc7 15. Ne4 Nd5 16. Bd2 Ne5 17. Nxe5 Qxe5 18. Ng5 Qxe2 19. Rxe2 h6 20. Nf3 Rfd8 21. Ne5 Bf6 22. Bb5 Nc7 23. Bc6 Bxc6 24. Nxc6 Rd6 25. Nb4 Rad8 26. Bf4 Rd1+ 27. Re1 Rxa1 28. Rxa1 Nd5 29. Nxd5 Rxd5 30. Kf1 Kf8 31. Ke2 Ke7 32. Rd1 Rb5 33. Rd2 e5 34. Be3 e4 35. Kd1 Be5 36. Kc2 f5 37. g3 g5 38. a4 Ra5 39. Kb3 f4 40. Bd4 fxg3 41. hxg3 Ke6 42. Bxe5 Rxe5 43. Kc4 Rf5 44. b4 h5 45. Re2 Ke5 46. Kb5 Rf3 47. c4 h4 48. gxh4 gxh4 49. c5 bxc5 50. bxc5 h3 51. c6 h2 52. Re1 Rxf2 53. c7 Rc2 54. Rh1 e3 55. Rxh2 Rxc7 56. Rh8 Ke4 57. Re8+ Kd3 58. Rd8+ Kc2 59. Re8 Kd2 60. Rd8+ Ke1 61. Ka6 e2 62. a5 Kf1 63. Rf8+ Ke1 64. Rd8 Rc2 65. Kxa7 Rd2 66. Re8 Ra2 67. a6 Kd1 68. Kb7 Rb2+ 69. Kc8 Ra2 70. Kb7 Rxa6 71. Kxa6 e1=Q 72. Rxe1+ Kxe1 1/2-1/2


[Site "https://www.chess.com"]

[Event "Titled Tuesday Blitz June 6 Early 2023"]
[White "Lymar, Vladislav"]
[Black "Alahakoon, Isuru"]
[WhiteFideId "14162180"]
[BlackFideId "9900993"]
[WhiteElo "2234"]
[BlackElo "1819"]
[Result "1-0"]
[Round "4"]
[TimeControl "180+2"]
[Date "2023.06.06"]
[WhiteClock "0:00:37"]
[BlackClock "0:00:21"]
[Board "134"]

1. d4 d5 2. c4 e6 3. Nc3 Nf6 4. cxd5 exd5 5. Bf4 Bd6 6. Bxd6 Qxd6 7. e3 O-O 8. Bd3 Re8 9. Nge2 c6 10. O-O Ng4 11. Ng3 Qh6 12. h3 Nxe3 13. fxe3 Qxe3+ 14. Kh2 Nd7 15. Nf5 Qg5 16. Rf3 g6 17. Rg3 Qf4 18. Qf1 Qxf1 19. Rxf1 Nf8 20. Nh6+ Kg7 21. Nxf7 Ne6 22. Nd6 Rd8 23. Nf5+ Kh8 24. Nh4 Nxd4 25. Rf7 Rd7 26. Bxg6 hxg6 27. Nxg6+ Kg8 28. Ne5+ Kh8 29. Nxd7 Bxd7 30. Rxd7 1-0


[Site "https://www.chess.com"]

[Event "Titled Tuesday Blitz June 6 Early 2023"]
[White "Bruedigam, Martin"]
[Black "Polanco Nunez, Yoel Estarling"]
[WhiteFideId "24608033"]
[BlackFideId "6401783"]
[WhiteElo "2331"]
[BlackElo "2132"]
[Result "1-0"]
[Round "4"]
[TimeControl "180+2"]
[Date "2023.06.06"]
[WhiteClock "0:01:18"]
[BlackClock "0:01:00"]
[Board "135"]

1. d4 Nf6 2. c4 e6 3. Nc3 Bb4 4. Bd2 Kf8 5. Nf3 b6 6. e3 Bb7 7. Bd3 d6 8. O-O Nbd7 9. Qc2 a5 10. e4 e5 11. d5 Nc5 12. b3 a4 13. Nxa4 Bxd2 14. Nxc5 bxc5 15. Nxd2 h5 16. a3 h4 17. b4 cxb4 18. axb4 g5 19. c5 Ke7 20. Rfc1 Rxa1 21. Rxa1 g4 22. Nf1 g3 23. Ne3 gxh2+ 24. Kh1 h3 25. g3 Qd7 26. c6 Bxc6 27. Qxc6 Qxc6 28. dxc6 Rb8 29. b5 Ke6 30. Kxh2 d5 31. exd5+ Kd6 32. Kxh3 e4 33. Be2 Ke5 34. Kg2 Nxd5 35. Nxd5 Kxd5 36. Rd1+ Ke6 37. Rd7 Rc8 38. Bc4+ Ke5 1-0


[Site "https://www.chess.com"]

[Event "Titled Tuesday Blitz June 6 Early 2023"]
[White "Camilla_Lee"]
[Black "Zenin, Dmitry"]
[BlackFideId "4127897"]
[WhiteElo "2527"]
[BlackElo "2215"]
[Result "0-1"]
[Round "4"]
[TimeControl "180+2"]
[Date "2023.06.06"]
[WhiteClock "0:00:07"]
[BlackClock "0:00:17"]
[Board "136"]

1. e4 e5 2. Nf3 Nc6 3. Nc3 Nf6 4. d4 Bb4 5. d5 Ne7 6. Nxe5 Nxe4 7. Qd4 Bxc3+ 8. bxc3 Nd6 9. c4 Ndf5 10. Qg4 d6 11. Nf3 O-O 12. Bd3 c6 13. Bb2 cxd5 14. O-O dxc4 15. Bxc4 Ng6 16. Qe4 Re8 17. Qd3 Nf4 18. Qd2 Ne6 19. Rad1 Qc7 20. Bd3 Nc5 21. Qc3 f6 22. Bc4+ Kh8 23. Bd5 Qb6 24. Rfe1 Bd7 25. Nh4 Na4 26. Qh3 Nxb2 27. Nxf5 Nxd1 28. Rxd1 Qa5 29. Be4 Rxe4 30. g4 Re1+ 0-1


[Site "https://www.chess.com"]

[Event "Titled Tuesday Blitz June 6 Early 2023"]
[White "Manon-og, Ramon Jr."]
[Black "Bilan, Danila"]
[WhiteFideId "5200776"]
[BlackFideId "24161918"]
[WhiteElo "2362"]
[BlackElo "2146"]
[Result "1-0"]
[Round "4"]
[TimeControl "180+2"]
[Date "2023.06.06"]
[WhiteClock "0:00:21"]
[BlackClock "0:00:05"]
[Board "137"]

1. e4 c6 2. d4 d5 3. e5 c5 4. dxc5 e6 5. Be3 Qc7 6. Nf3 Bxc5 7. Bxc5 Qxc5 8. Be2 Qb4+ 9. Nc3 a6 10. Rb1 Ne7 11. a3 Qb6 12. h4 Nd7 13. h5 h6 14. Rh3 Nc6 15. Rg3 Kf8 16. Bd3 Ndxe5 17. Nh4 Qd4 18. Nf3 Nxd3+ 19. cxd3 Qf4 20. d4 Bd7 21. Kf1 Qf5 22. Nh4 Qf6 23. Rg4 e5 24. dxe5 Nxe5 25. Nxd5 Qd8 26. Rf4 Bb5+ 27. Kg1 Qg5 28. g3 Rd8 29. Rf5 Qg4 30. Rxe5 Qxd1+ 31. Rxd1 Bc6 32. Rf5 Rd7 33. Ng6+ Kg8 34. Nxh8 Kxh8 35. Re5 f6 36. Re8+ Kh7 37. Nxf6+ gxf6 38. Rxd7+ Bxd7 39. Re7+ 1-0


[Site "https://www.chess.com"]

[Event "Titled Tuesday Blitz June 6 Early 2023"]
[White "Tosic, Srecko"]
[Black "Srdanovic, Jovana"]
[WhiteFideId "924563"]
[BlackFideId "954810"]
[WhiteElo "2253"]
[BlackElo "2155"]
[Result "1-0"]
[Round "4"]
[TimeControl "180+2"]
[Date "2023.06.06"]
[WhiteClock "0:00:49"]
[BlackClock "0:01:05"]
[Board "138"]

1. e4 c5 2. Nf3 e6 3. d4 cxd4 4. Nxd4 a6 5. Nc3 b5 6. g3 Bb7 7. Bg2 d6 8. O-O Nd7 9. Re1 Ngf6 10. a4 b4 11. Nd5 Be7 12. Nxb4 O-O 13. Nbc6 Bxc6 14. Nxc6 Qe8 15. e5 dxe5 16. Nxe7+ Qxe7 17. Bxa8 Rxa8 18. b3 Rc8 19. Ba3 Qd8 20. c4 e4 21. Bd6 Qb6 22. a5 Qc6 23. Rc1 Rd8 24. Qd4 h6 25. Red1 Re8 26. b4 e5 27. Qa7 Rc8 28. b5 Qa8 29. Qxa8 Rxa8 30. b6 Ne8 31. c5 Rc8 32. c6 1-0


[Site "https://www.chess.com"]

[Event "Titled Tuesday Blitz June 6 Early 2023"]
[White "Reprintsev, Alexander"]
[Black "Goswami, Vedant"]
[WhiteFideId "14100541"]
[BlackFideId "5003725"]
[WhiteElo "2229"]
[BlackElo "2011"]
[Result "1-0"]
[Round "4"]
[TimeControl "180+2"]
[Date "2023.06.06"]
[WhiteClock "0:01:09"]
[BlackClock "0:00:08"]
[Board "139"]

1. e4 e5 2. Nf3 Nc6 3. Bc4 Be7 4. c3 Nf6 5. d3 d6 6. a4 O-O 7. O-O Be6 8. Nbd2 Qd7 9. Re1 Rfe8 10. b4 Rad8 11. Qb3 d5 12. exd5 Bxd5 13. Bxd5 Qxd5 14. b5 Na5 15. Qxd5 Nxd5 16. Bb2 f6 17. g3 Bf8 18. d4 exd4 19. Nxd4 Kf7 20. Kg2 Bc5 21. N4b3 Bb6 22. Rxe8 Rxe8 23. c4 Nxb3 24. Nxb3 Re2 25. Bd4 Bxd4 26. Nxd4 Rd2 27. Nb3 Rd3 28. Nc5 Rc3 29. Nxb7 Rxc4 30. Nd8+ Ke8 31. Nc6 Rc2 32. Nxa7 Ne3+ 33. Kf3 Nc4 34. Nc6 Kd7 35. Rd1+ Ke6 36. Nd4+ 1-0


[Site "https://www.chess.com"]

[Event "Titled Tuesday Blitz June 6 Early 2023"]
[White "Da Silva, Lindolfo Luiz"]
[Black "Petukhov, Dmitry"]
[WhiteFideId "2106558"]
[BlackFideId "4142748"]
[WhiteElo "2355"]
[BlackElo "2311"]
[Result "1-0"]
[Round "4"]
[TimeControl "180+2"]
[Date "2023.06.06"]
[WhiteClock "0:00:29"]
[BlackClock "0:00:07"]
[Board "140"]

1. d4 Nf6 2. g3 h5 3. Nf3 d5 4. c4 c6 5. Bg2 Bf5 6. Nc3 Ne4 7. Qb3 Nxc3 8. bxc3 Qb6 9. c5 Qxb3 10. axb3 Be4 11. b4 Nd7 12. Bf4 f6 13. O-O g5 14. Bd2 e5 15. Ne1 Bxg2 16. Nxg2 a6 17. Ne3 Kf7 18. f3 Kg6 19. g4 hxg4 20. fxg4 Rh3 21. Kg2 Rh7 22. Nf5 Be7 23. h3 Rah8 24. Rf3 Bd8 25. Raf1 e4 26. Rg3 Bc7 27. Nd6 Bxd6 28. cxd6 Rd8 29. Be1 Nb6 30. Kh2 Rxd6 31. Rg2 Rd8 32. Bg3 Rdh8 33. Rgf2 Rxh3+ 34. Kg2 Nd7 35. e3 R3h7 36. Re1 Nb6 37. Ref1 Rf7 38. Be5 Rhf8 39. Bd6 Re8 40. Be5 Re6 41. Bg3 Nc4 42. Re1 f5 43. gxf5+ Rxf5 44. Rxf5 Kxf5 45. Rf1+ Kg4 46. Bf2 Rf6 47. Rg1 Rf3 48. Kf1+ Kf5 49. Ke2 Rh3 50. Rf1 g4 51. Rg1 Kg5 52. Bg3 Kf5 53. Bf2 Rf3 54. Rg2 Kg5 55. Rg1 Nd6 56. Bg3 Nf5 57. Bf4+ Rxf4 58. exf4+ Kxf4 59. Rf1+ Kg5 60. Rg1 g3 61. Rh1 Kg4 62. Rh8 e3 63. Rf8 g2 64. Rg8+ Kh3 65. Kf3 e2 66. Kxe2 Kh2 67. Kf2 Kh3 68. Rxg2 Nd6 69. Rg7 Ne4+ 70. Ke3 Nxc3 71. Rxb7 Kg4 72. Rb6 Na2 73. Kd3 Kf5 74. Kc2 Ke4 75. Kb3 Kxd4 76. Kxa2 c5 77. bxc5 Kxc5 78. Rxa6 d4 79. Kb2 d3 80. Kc3 Kb5 81. Rd6 Kc5 82. Rxd3 Kb5 83. Rd4 Kc5 84. Rc4+ Kd5 85. Kd3 Kd6 86. Ke4 Ke6 87. Rd4 Ke7 88. Kf5 Kf7 89. Re4 Kf8 90. Kg6 Kg8 91. Re8# 1-0


[Site "https://www.chess.com"]

[Event "Titled Tuesday Blitz June 6 Early 2023"]
[White "Llanos, Guillermo"]
[Black "Mladek, Richard"]
[WhiteFideId "100358"]
[BlackFideId "386588"]
[WhiteElo "2210"]
[BlackElo "2332"]
[Result "0-1"]
[Round "4"]
[TimeControl "180+2"]
[Date "2023.06.06"]
[WhiteClock "0:00:19"]
[BlackClock "0:00:16"]
[Board "141"]

1. c4 e6 2. g3 d5 3. Bg2 Nf6 4. Nf3 Be7 5. O-O O-O 6. b3 a5 7. Nc3 d4 8. Nb5 c5 9. e3 Nc6 10. exd4 cxd4 11. d3 Nd7 12. Nfxd4 Nxd4 13. Nxd4 Bf6 14. Be3 Nc5 15. Nb5 Nxd3 16. Rb1 a4 17. Be4 Ne5 18. Bc5 Re8 19. Qc2 axb3 20. axb3 Bd7 21. Nd6 Rf8 22. Nxb7 Qc7 23. Bxf8 Bc6 24. Bd6 Qxb7 25. Bxc6 Nxc6 26. Bf4 Nd4 27. Qd1 Nf3+ 28. Kg2 Nh4+ 29. Kh3 Qg2+ 30. Kg4 h5+ 31. Kxh5 Qh3 32. Qg4 g6+ 33. Kh6 Nf5# 0-1


[Site "https://www.chess.com"]

[Event "Titled Tuesday Blitz June 6 Early 2023"]
[White "Flynn, Jacob"]
[Black "Shtompel, Yuriy"]
[WhiteFideId "2509393"]
[BlackFideId "14168278"]
[WhiteElo "2053"]
[BlackElo "1844"]
[Result "1-0"]
[Round "4"]
[TimeControl "180+2"]
[Date "2023.06.06"]
[WhiteClock "0:01:29"]
[BlackClock "0:00:22"]
[Board "142"]

1. d4 Nf6 2. Nf3 g6 3. g3 Bg7 4. Bg2 O-O 5. O-O d6 6. c4 Nbd7 7. Nc3 e5 8. e4 a5 9. h3 h6 10. Be3 Re8 11. Re1 c6 12. Qc2 Qc7 13. Rad1 Nf8 14. d5 c5 15. Qd2 Kh7 16. b3 g5 17. Nh2 Ng6 18. Rb1 Bd7 19. Nf1 Rf8 20. Qc2 Nh5 21. Bd2 Qc8 22. Kh2 g4 23. h4 Nhf4 24. Ne3 h5 25. Bf1 Kh8 26. Nf5 Qd8 27. Kg1 Nxh4 28. Nxh4 Qxh4 29. gxh4 1-0


[Site "https://www.chess.com"]

[Event "Titled Tuesday Blitz June 6 Early 2023"]
[White "Andrews, Todd"]
[Black "Ginzburg, Yakov"]
[WhiteFideId "2012456"]
[BlackFideId "4157176"]
[WhiteElo "2145"]
[BlackElo "2305"]
[Result "1-0"]
[Round "4"]
[TimeControl "180+2"]
[Date "2023.06.06"]
[WhiteClock "0:00:36"]
[BlackClock "0:00:34"]
[Board "143"]

1. e4 c5 2. Nf3 e6 3. d3 Nc6 4. g3 d5 5. Nbd2 Nf6 6. Bg2 Be7 7. O-O O-O 8. Re1 b5 9. c3 a5 10. e5 Nd7 11. d4 b4 12. Nf1 a4 13. a3 bxa3 14. bxa3 Na5 15. Bf4 Nc4 16. N3d2 Ba6 17. Nxc4 Bxc4 18. Ne3 Nb6 19. h4 f5 20. exf6 Rxf6 21. Be5 Rg6 22. h5 Rh6 23. Qg4 Bf8 24. dxc5 Nd7 25. Nxc4 dxc4 26. Bxa8 Qxa8 27. Bd6 Qd5 28. Rad1 Qxh5 29. Qxh5 Rxh5 30. c6 Nb6 31. c7 Rf5 32. Bxf8 Rxf8 33. Rd8 Kf7 34. Rxf8+ Kxf8 35. Rxe6 Nc8 36. Rc6 Ke7 37. Rxc4 Kd7 38. f4 Nb6 39. c8=Q+ Nxc8 40. Rxa4 Nb6 41. Ra7+ Ke6 42. Rxg7 Nd5 43. Rxh7 Nxc3 44. g4 Ne2+ 45. Kf2 Nxf4 46. Kf3 Nd3 47. Rh6+ Ke5 48. a4 Kd5 49. a5 Ne5+ 50. Kg3 Nf7 51. Rf6 Ng5 52. Rf5+ 1-0


[Site "https://www.chess.com"]

[Event "Titled Tuesday Blitz June 6 Early 2023"]
[White "Pinheiro, Iung Alicio de O."]
[Black "Bogaudinov, Rushan"]
[WhiteFideId "2104350"]
[BlackFideId "4129288"]
[WhiteElo "2283"]
[BlackElo "1967"]
[Result "0-1"]
[Round "4"]
[TimeControl "180+2"]
[Date "2023.06.06"]
[WhiteClock "0:00:13"]
[BlackClock "0:00:13"]
[Board "144"]

1. e4 c5 2. Nf3 Nc6 3. Nc3 e6 4. Bb5 Qc7 5. O-O a6 6. Bxc6 Qxc6 7. d4 cxd4 8. Qxd4 b5 9. Re1 Bb7 10. Bg5 f6 11. Bh4 Bc5 12. Qd3 Ne7 13. Rad1 Ng6 14. Bg3 Rd8 15. a4 b4 16. Nd5 O-O 17. Qb3 exd5 18. exd5 Qc8 19. d6+ Kh8 20. h4 Rde8 21. h5 Bxf3 22. Qxf3 Ne5 23. Qd5 Ba7 24. Re2 Qc6 25. Qb3 a5 26. Rde1 h6 27. Kh1 Rc8 28. f4 Nc4 29. Re7 Qxd6 30. Qf3 Rg8 31. Qg4 f5 32. Qf3 Qf6 33. Kh2 Nd6 34. R1e2 Ne4 35. Re5 d6 36. Rd5 Bc5 37. Be1 Rce8 38. c3 Qf7 39. Rd3 b3 40. Bh4 Nf6 41. Bxf6 Qxf6 42. Rdd2 Qh4+ 43. Qh3 Qxh3+ 44. Kxh3 Re4 45. g3 Rge8 46. Rg2 Kg8 47. Rd5 Rf8 48. g4 fxg4+ 49. Rxg4 Rexf4 50. Rg2 Rf3+ 51. Kh2 Rf2 52. Rd2 Rxg2+ 53. Kxg2 Rf5 54. Kg3 Rxh5 55. c4 Rg5+ 56. Kf4 Kh7 57. Rd3 Rh5 58. Rxb3 Rh4+ 59. Kf5 Rxc4 60. Rb7 Rxa4 61. b3 Rb4 62. Rd7 Rxb3 63. Ke6 a4 64. Kf7 h5 65. Kf8 h4 66. Rxg7+ Kh6 67. Rg8 h3 68. Rh8+ Kg5 69. Ke7 Kf5 70. Ra8 a3 71. Rf8+ Ke4 72. Ke6 a2 73. Ra8 Ra3 0-1


[Site "https://www.chess.com"]